 Dungeon Crawl Stone Soup version 0.29.1-15-g9cfb28693d (webtiles) character file.

Game seed: 16221433462984132967

2 protoss039 the Vexing (level 1, 0/10 HPs)
             Began as a Vampire Enchanter on Mar 28, 2023.
             Slain by a quokka (4 damage)
             ... on level 1 of the Dungeon.
             The game lasted 00:00:23 (112 turns).

protoss039 the Vexing (Vampire Enchanter)            Turns: 112, Time: 00:00:24

Health: 0/10       AC:  2    Str:  7    XL:     1   Next: 33%
Magic:  3/3        EV: 12    Int: 17    God:
Gold:   0          SH:  0    Dex: 14    Spells: 4/4 levels left

rFire   . . .      SeeInvis +   a - +1 dagger
rCold   + + .      Faith    .   (no shield)
rNeg    + + +      Spirit   .   b - +0 robe
rPois   ∞          Reflect  .   (no helmet)
rElec   .          Harm     .   (no cloak)
rCorr   .          Rampage  .   (no gloves)
Will    .....                   (no boots)
Stlth   +++++.....              (no amulet)
HPRegen 0.00/turn               (no ring)
MPRegen 0.08/turn               (no ring)

@: bloodless, inhibited regen
A: bloodless, fangs 3, see invisible, vampiric 1
a: Revivify


You were on level 1 of the Dungeon.
You visited 1 branch of the dungeon, and saw 1 of its levels.

Inventory:

Hand Weapons
 a - a +1 dagger (weapon)
Armour
 b - a +0 robe (worn)
Potions
 c - 2 potions of invisibility


   Skills:
 * Level 0.1 Fighting
 + Level 1.1 Short Blades
 + Level 2.2 Dodging
 * Level 4.4 Stealth
 + Level 2.0 Spellcasting
 + Level 4.4 Hexes


You had 4 spell levels left.
You didn't know any spells.
Your spell library contained the following spells:

 Spells                   Type           Power      Damage    Failure   Level
 Confusing Touch          Hex            16%        N/A       10%         3
 Tukima's Dance           Hex            16%        N/A       10%         3
 Ensorcelled Hibernation  Hex/Ice        18%        N/A       12%         2
 Dazzling Flash           Conj/Hex       18%        N/A       24%         3


Dungeon Overview and Level Annotations

Branches:
Dungeon (1/15) Zot: 5887

Altars:


Innate Abilities, Weirdness & Mutations

You do not regenerate when monsters are visible.
You are frail without blood (-20% HP).
You can heal yourself when you bite living creatures.
You are immune to poison.
You have razor-sharp teeth.
You have supernaturally acute eyesight. (SInv)
You are afflicted with vampirism.


Message History

HP restored.
You become bloodless.
Unknown command.
A kobold comes into view. It is wielding a +0 dagger.
A kobold is nearby!
A kobold is nearby!
A kobold is nearby!
A rat comes into view.
The rat moves out of view.
Found a chain mail.
The rat barely misses you.
You barely miss the rat. You hit the rat.
The rat is moderately wounded.
The rat misses you.
You hit the rat.
You kill the rat!
The helpless kobold fails to defend itself.
You bite the kobold, and draw its blood!
You impale the kobold!!
You kill the kobold!
There is a stone staircase leading down, spattered with blood here.
Found a ring mail.
A quokka comes into view.
A quokka is nearby!
A ball python comes into view.
Found a robe.
There are monsters nearby!
A hobgoblin comes into view.
Found a scroll labelled WIPNE UCSUSHRU.
A kobold comes into view. It is wielding a +0 dagger.
The kobold shouts!
The hobgoblin shouts!
A frilled lizard comes into view.
The frilled lizard hisses angrily.
You hear an angry hiss.
A rat comes into view.
Unknown command.
You miss the quokka. The quokka bites you. The hobgoblin barely misses you.
The kobold attacks as you move away! The kobold barely misses you.
The quokka attacks as you move away! The quokka bites you.
The kobold throws a stone.
The stone hits you. The quokka bites you.
You die...

..##.# .# ..##.# #.#.
...#.### ..... .......#
#########..... '''##..#
#.#....[...# ....#..#
#.#.#......#
.<..#..####.#...[.K....#..
....#....##.#...r.........
....#..#.##.#.#.@g..?.....
+++##.##..#.###.###.......
...###.#.#.............
##### #.#.#..####.####.#
#.#.#..# .r # #...#..# .#
###.#..# .# #########>...#
##.........#.##


You could see a quokka, a hobgoblin and a kobold.

Vanquished Creatures
  A kobold (D:1)
  2 rats (D:1)
3 creatures vanquished.

Notes
Turn   | Place    | Note
-------+----------+-------------------------------------------
     0 | D:1      | protoss039 the Vampire Enchanter began the quest for the
                  | Orb.
     0 | D:1      | Reached XP level 1. HP: 13/13 MP: 3/3
   112 | D:1      | Slain by a quokka

Illustrated notes

Levels and vault maps discovered:
D:1:      dpeg_arrival_windows_large_door, layout_basic,
          chequers_ecumenical_altar_grove

Action                   || total
-------------------------++-------
Melee: Dagger            ||     9
 Abil: Exsanguinate      ||     1
 Stab: Sleeping          ||     1
Dodge: Dodged            ||     7
